 Dungeon Crawl Stone Soup version 0.28-a0-6-g334057b (webtiles) character file.

Game seed: 15863120344125976972

347 Illumine the Vexing (level 6, -8/34 HPs)
             Began as a Deep Elf Enchanter on July 22, 2021.
             Mangled by an ice beast (10 damage)
             ... on level 4 of the Dungeon.
             The game lasted 00:09:10 (4891 turns).

Illumine the Vexing (Deep Elf Enchanter)            Turns: 4891, Time: 00:09:11

Health: -8/34      AC:  2    Str:  6    XL:     6   Next: 33%
Magic:  8/14       EV: 13    Int: 21    God:
Gold:   164        SH:  0    Dex: 15    Spells: 4/13 levels left

rFire   . . .      SeeInvis .   a - +2 dagger
rCold   . . .      Faith    .   (no shield)
rNeg    . . .      Spirit   .   b - +0 robe
rPois   .          Reflect  .   (no helmet)
rElec   .          Harm     .   (no cloak)
rCorr   .          Rampage  .   (no gloves)
Will    .....                   (no boots)
Stlth   +++.......              (no amulet)
HPRegen 0.11/turn               (no ring)
MPRegen 0.14/turn               (no ring)

@: no status effects
A: no striking features
a: no special abilities


You were on level 4 of the Dungeon.
You visited 1 branch of the dungeon, and saw 4 of its levels.
You also visited: Sewer.

You collected 164 gold pieces.

Inventory:

Hand Weapons
 a - a +2 dagger (weapon)
Missiles
 c - 137 stones
Armour
 b - a +0 robe (worn)
Scrolls
 f - a scroll of vulnerability {unknown}
 g - 2 scrolls of magic mapping {unknown}
 h - a scroll of teleportation {unknown}
 i - a scroll of identify {unknown}
 n - 2 scrolls of enchant armour {unknown}
 o - a scroll of fear {unknown}
 p - a scroll of silence {unknown}
 q - a scroll of summoning {unknown}
 r - a scroll of enchant weapon
Potions
 d - a potion of flight {unknown}
 e - a potion of ambrosia {unknown}
 j - a potion of lignification {unknown}
 k - 2 potions of brilliance {unknown}
 l - a potion of curing {unknown}
 m - 2 potions of resistance {unknown}


   Skills:
 + Level 1.5 Fighting
 + Level 3.0 Short Blades
 + Level 3.4 Dodging
 + Level 5.2 Stealth
 + Level 4.4 Spellcasting
 + Level 5.3 Hexes
 - Level 1.0 Ice Magic


You had 4 spell levels left.
You knew the following spells:

 Your Spells              Type           Power      Damage    Failure   Level
a - Corona                Hex            30%        N/A       1%          1
b - Ensorcelled Hibernat  Hex/Ice        36%        N/A       4%          2
c - Confusing Touch       Hex            27%        N/A       3%          3
d - Tukima's Dance        Hex            27%        N/A       3%          3

Your spell library contained the following spells:

 Spells                   Type           Power      Damage    Failure   Level
 Dazzling Flash           Conj/Hex       30%        N/A       12%         3


Dungeon Overview and Level Annotations

Branches:
Dungeon (4/15)              Sewer (visited)
 Temple: D:4-7

Altars:
Elyvilon
Qazlal
Ru
Uskayaw

Shops:
D:2 [!?==   D:3 (


Message History

You impale the kobold!!
You kill the kobold!
Casting: Ensorcelled Hibernation (safe; 4% risk of failure)
Confirm with . or Enter, or press ? or * to list all spells.
Aiming: Ensorcelled Hibernation (safe; 4% risk of failure)
Press: ? - help, Shift-Dir - straight line, f - goblin
Aim: a goblin, wielding a +0 dagger (chance to affect: 66%)
The goblin looks drowsy...
The helpless goblin fails to defend itself.
You impale the goblin!!
You kill the goblin!
Casting: Ensorcelled Hibernation (safe; 4% risk of failure)
Confirm with . or Enter, or press ? or * to list all spells.
Your hands begin to glow red.
The ice beast hits you. The ice beast freezes you!
You hit the ice beast but do no damage.
The ice beast appears confused.
The ice beast hits you but does no damage.
Things that are here:
a +0 dagger; a +0 short sword You catch the helpless ice beast completely off-guard!
You puncture the ice beast!
The ice beast is heavily wounded.
You hit the ice beast but do no damage.
The ice beast is heavily wounded.
You barely miss the ice beast.
The ice beast is heavily wounded.
The ice beast misses you.
You hit the ice beast but do no damage.
The ice beast is heavily wounded.
The ice beast hits you. The ice beast freezes you!
* * * LOW HITPOINT WARNING * * *
You barely miss the ice beast.
The ice beast is heavily wounded.
The ice beast closely misses you.
You hit the ice beast but do no damage.
The ice beast is heavily wounded.
The ice beast hits you.
* * * LOW HITPOINT WARNING * * *
The ice beast freezes you!
You die...

##..#.## ##...##...## #
.......####....#..#Y.#.#.$
..........'.)..#Y#(#.#....
.#.#...####...†...#....#
.#....## ##...#.#.#.#
.##..## ##..#..#..# .##..#
#..##.g.## .##..#
##..##.##..# .....#
##.@Y.....# ###.##
#)###.##.# #.# #.# ... #.#
#...# ###.. #.....# ##
##...## ##.## ... ###


You could see an ice beast (confused).

Vanquished Creatures
  Purgy (Sewer)
  A necrophage (D:4)
  Jessica (D:2)
  5 adders
  2 worms (D:2)
  2 dart slugs
  2 orcs
  3 ball pythons
  6 bats
  4 endoplasms
  11 giant cockroaches
  13 goblins
  8 hobgoblins
  6 jackals
  3 quokkas
  4 frilled lizards
  6 kobolds
  7 rats
85 creatures vanquished.

Notes
Turn   | Place    | Note
-------+----------+-------------------------------------------
     0 | D:1      | Illumine the Deep Elf Enchanter began the quest for the
                  | Orb.
     0 | D:1      | Reached XP level 1. HP: 10/10 MP: 6/6
   411 | D:1      | Reached XP level 2. HP: 13/15 MP: 6/8
   435 | D:1      | Learned a level 2 spell: Ensorcelled Hibernation
   954 | D:1      | Found a faded altar of an unknown god.
  1533 | D:2      | Noticed Jessica
  1535 | D:2      | Killed Jessica
  1536 | D:2      | Reached skill level 1 in Ice Magic
  1536 | D:2      | Reached XP level 3. HP: 19/19 MP: 9/9
  1640 | D:2      | Learned a level 3 spell: Confusing Touch
  2127 | D:2      | Reached XP level 4. HP: 24/24 MP: 11/11
  2178 | D:2      | Found Heryleib's Jewellery Shop.
  2181 | D:2      | Found a hide-covered altar of Uskayaw.
  2405 | D:2      | Found Dampomij's Jewellery Shop.
  2565 | D:2      | Found Uluck's Distillery.
  2765 | D:2      | Found Mukhlast's Antique Armour Shop.
  2864 | D:2      | Found Sozaej's Magic Scroll Boutique.
  2869 | D:2      | Learned a level 3 spell: Tukima's Dance
  3160 | D:3      | Found Qelus's Antique Weapon Boutique.
  3325 | D:3      | Found a stormy altar of Qazlal.
  3327 | D:3      | Found a sacrificial altar of Ru.
  3580 | D:3      | Found a glowing drain.
  3599 | Sewer    | Entered a sewer
  3697 | Sewer    | Reached XP level 5. HP: 24/28 MP: 9/12
  3845 | Sewer    | Noticed Purgy
  3863 | Sewer    | Killed Purgy
  3864 | Sewer    | Reached skill level 1 in Fighting
  3864 | Sewer    | Reached skill level 5 in Stealth
  3864 | Sewer    | Reached skill level 5 in Hexes
  4411 | D:4      | Upgraded the game from 0.28-a0-2-g643f245 to
                  | 0.28-a0-6-g334057b
  4598 | D:4      | Found a white marble altar of Elyvilon.
  4831 | D:4      | Noticed a necrophage
  4849 | D:4      | Killed a necrophage
  4850 | D:4      | Reached XP level 6. HP: 30/34 MP: 12/14
  4867 | D:4      | Noticed an ice beast
  4891 | D:4      | Mangled by an ice beast

Illustrated notes

Levels and vault maps discovered:
D:1:      dpeg_arrival_snail, layout_loops_ring,
          dilly_ecumenical_altar_fadedgnrine, chequers_garden
D:2:      layout_basic, serial_shops, nicolae_shop_behind_doors,
          nicolae_shop_statue_plus, shop, nicolae_diamond_shop, shop,
          basic_altar, uniq_jessica
D:3:      minmay_door_path, layout_rooms,
          chequers_temple_overflow_statue_of_worship, portal_sewer_entry_f,
          serial_shops, shop
D:4:      layout_loops_corners, zin_purify, elyvilon_altar_4,
          nicolae_uskayaw_en_pointe, lemuel_tele_altar, minmay_box_of_dots,
          uniq_eustachio

Skill      XL: |  1  2  3  4  5 |
---------------+----------------+-----
Stealth        | 4 5 |  5.2
Short Blades   | 2 3 |  3.0
Ice Magic      | 1 |  1.0
Fighting       | 1 |  1.5
Dodging        | 3 |  3.4
Spellcasting   | 4 |  4.4
Hexes          | 5 |  5.3

Action                   |  1- 3 |  4- 6 || total
-------------------------+-------+-------++-------
Melee: Dagger            |    64 |   149 ||   213
 Cast: Corona            |     7 |       ||     7
       Ensorcelled Hiber |    22 |    45 ||    67
       Confusing Touch   |       |     3 ||     3
  Use: Scroll            |     1 |       ||     1
 Stab: Sleeping          |    20 |    44 ||    64
       Distracted        |       |     1 ||     1
       Confused          |       |     4 ||     4
Armor: Robe              |    18 |    18 ||    36
Dodge: Dodged            |    58 |    95 ||   153

Table legend: (Time is in decaauts)
 A = Elapsed time spent in this place.
 B = Non-inter-level travel time spent in this place.
 C = Inter-level travel time spent in this place.
 D = Time resting spent in this place.
 E = Time spent auto-exploring this place.
 F = Levels seen in this place.
 G = Mean time per level.
                   A        B        C        D        E       F      G
               +--------+--------+--------+--------+--------+-----+--------+
         Total |   4873 |   4776 |     97 |   1531 |   2168 |   5 |  974.6 |
       Dungeon |   4454 |   4357 |     97 |   1268 |   2119 |   4 | 1113.5 |
         Sewer |    418 |    418 |      0 |    263 |     49 |   1 |  418.0 |
               +--------+--------+--------+--------+--------+-----+--------+

Top non-repeatable levels by time:
     D:2: 1606 daAuts
     D:1: 1530 daAuts
     D:3: 830 daAuts
     D:4: 488 daAuts
   Sewer: 418 daAuts
